 Dungeon Crawl Stone Soup version 0.20-a0-256-gabb291d (webtiles) character file.

4288 feito the Unseen (level 10, -3/51 HPs)
             Began as a Spriggan Assassin on Dec 1, 2016.
             Was a Follower of Uskayaw.
             Slain by a gargoyle
             ... wielding a +0 morningstar
              (18 damage)
             ... on level 9 of the Dungeon.
             The game lasted 00:29:46 (7338 turns).

feito the Unseen (Spriggan Assassin)                Turns: 7338, Time: 00:29:46

Health: -3/51      AC:  3    Str:  7    XL:     10   Next: 10%
Magic:  11/13      EV: 21    Int: 13    God:    Uskayaw [*.....]
Gold:   447        SH:  0    Dex: 21    Spells: 9/9 levels left

rFire  . . .     SeeInvis +     a - +2 short sword (elec)
rCold  . . .     Gourm    .     c - +0 robe
rNeg   . . .     Faith    +     (shield restricted)
rPois  .         Spirit   .     (helmet restricted)
rElec  .         Reflect  .     d - +0 cloak
rCorr  .         Harm     .     (gloves unavailable)
MR     +....                    (boots unavailable)
Stlth  +++++++...               C - amulet of faith
                                (no ring)
                                t - ring of stealth

@: very quick
A: unfitting armour, see invisible, herbivore 3, speed 3, slow metabolism 2
a: Stomp, Renounce Religion


You were on level 9 of the Dungeon.
You worshipped Uskayaw.
Uskayaw was noncommittal.
You were not hungry.

You visited 1 branch of the dungeon, and saw 9 of its levels.

You collected 447 gold pieces.

Inventory:

Hand Weapons
 a - a +2 short sword of electrocution (weapon)
 b - a +0 blowgun
 H - the +3 sling "Punk" {acid, rCorr}
   (You took it off an orc on level 6 of the Dungeon)

   It protects you from acid and corrosion.
Missiles
 e - 33 poisoned needles
 f - 6 curare-tipped needles
 E - 18 sling bullets
Armour
 c - a +0 robe (worn)
 d - a +0 cloak (worn)
Jewellery
 t - a ring of stealth (left hand)
 C - an amulet of faith (around neck)
Wands
 M - a wand of digging (13/24)
Scrolls
 h - 3 scrolls of remove curse
 o - 6 scrolls of teleportation {unknown}
 p - 3 scrolls of amnesia
 q - 2 scrolls of noise {unknown}
 s - 2 scrolls of enchant armour {unknown}
 u - 3 scrolls of random uselessness {unknown}
 x - a scroll of immolation {unknown}
 y - a scroll of fear {unknown}
 B - 2 scrolls of enchant weapon {unknown}
 J - 4 scrolls of identify
 K - a scroll of recharging {unknown}
 N - a scroll of brand weapon {unknown}
Potions
 i - a potion of magic
 k - a potion of haste
 l - a potion of heal wounds
 m - a potion of curing
 v - a potion of cure mutation {unknown}
 w - a potion of might {unknown}
 z - 2 potions of ambrosia
 A - a potion of brilliance {unknown}
 D - 2 potions of invisibility {unknown}
 F - a potion of cancellation {unknown}
 G - 2 potions of degeneration {unknown}
 I - a potion of berserk rage {unknown}
 L - a potion of lignification {unknown}
Books
 O - a book of Conjurations

   Spells                             Type                      Level
   a - Magic Dart                     Conjuration                  1
   b - Searing Ray                    Conjuration                  2
   c - Dazzling Spray                 Conjuration/Hexes            3
   d - Fulminant Prism                Conjuration/Hexes            4
   e - Iskenderun's Mystic Blast      Conjuration                  4
   f - Iskenderun's Battlesphere      Conjuration/Charms           5
Comestibles
 g - 11 bread rations
 n - a slice of pizza
 r - 7 fruits


   Skills:
 + Level 4.4 Fighting
 + Level 8.7 Short Blades
 + Level 3.7 Throwing
 + Level 5.1 Dodging
 + Level 15.0 Stealth
 * Level 3.8 Invocations


You had 9 spell levels left.
You didn't know any spells.

Dungeon Overview and Level Annotations

Branches:
Dungeon (9/15)             Temple (0/1) D:6            Lair (0/6) D:9
    Orc: D:9-12

Altars:
Cheibriados
Dithmenos
Hepliaklqana
Kikubaaqudgha
Ru
Uskayaw
Vehumet
Xom
Yredelemnul
Zin


Innate Abilities, Weirdness & Mutations

You are very small and have problems with some larger weapons.
You are too small for most types of armour.
You have supernaturally acute eyesight. (SInv)
You are a herbivore.
You cover ground extremely quickly.
You need consume almost no food.


Message History

You hit the gargoyle but do no damage.
The gargoyle is severely damaged.
You barely miss the gargoyle.
The gargoyle is severely damaged.
The gargoyle hurls a stone arrow at you.
The stone arrow misses you.
You hit the gargoyle.
The gargoyle is severely damaged.
The gargoyle barely misses you.
You hit the gargoyle but do no damage.
The gargoyle is severely damaged.
You hit the gargoyle but do no damage.
The gargoyle is severely damaged.
The gargoyle hurls a stone arrow at you.
The stone arrow hits you!
* * * LOW HITPOINT WARNING * * *
You hit the gargoyle but do no damage.
The gargoyle is severely damaged.
The gargoyle hits you with a morningstar!!
You die...

####### # ##.....##..
##.......... #.9@........
#######...........
#....##........... ####
#....##........... ...#
#....##......)....
...#####.................
............###..........
...#####....# ##.........
..<#####....# ###..._...


You could see a gargoyle.

Vanquished Creatures
  The ghost of KristoblXynda the Ruffian, a novice NaTm of Cheibriados (D:4)
  2 hippogriffs
  A hungry ghost (D:7)
  Menkaure (D:7)
  A sky beast (D:6)
  An orc warrior (D:8)
  7 ogres
  A black bear (D:8)
  3 phantoms
  2 wolves
  2 centaurs
  5 bullfrogs
  2 big kobolds
  Blork the orc (D:6)
  A water moccasin zombie (D:6)
  3 scorpions
  4 killer bees (D:8)
  A howler monkey (D:3)
  3 crimson imps
  A quasit (D:7)
  A bullfrog skeleton (D:6)
  A jelly (D:7)
  2 orc priests (D:8)
  4 hounds
  Crazy Yiuf (D:6)
  5 orc wizards
  A centaur skeleton (D:8)
  An iguana (D:8)
  6 worker ants
  A hound zombie (D:8)
  A hound skeleton (D:4)
  13 adders
  6 gnolls
  An ooze (D:4)
  2 adder skeletons
  2 leopard geckos
  17 orcs
  7 bats
  3 giant cockroaches
  4 goblins
  5 hobgoblins
  4 jackals (D:1)
  3 quokkas
  2 ball pythons
  5 frilled lizards
  13 kobolds
  2 quokka skeletons
  A quokka zombie (D:7)
  5 rats
162 creatures vanquished.

Notes
Turn   | Place    | Note
-------+----------+-------------------------------------------
     0 | D:1      | feito the Spriggan Assassin began the quest for the Orb.
     0 | D:1      | Reached XP level 1. HP: 10/10 MP: 2/2
    63 | D:1      | Reached skill level 6 in Stealth
   414 | D:1      | Reached XP level 2. HP: 10/14 MP: 3/3
  1240 | D:2      | Found a sacrificial altar of Ru.
  1249 | D:2      | Reached skill level 7 in Stealth
  1249 | D:2      | Reached XP level 3. HP: 18/18 MP: 4/4
  1332 | D:2      | Reached XP level 4. HP: 23/23 MP: 5/5
  1345 | D:2      | Found an ancient bone altar of Kikubaaqudgha.
  1775 | D:2      | Found a hide-covered altar of Uskayaw.
  1785 | D:2      | Became a worshipper of Uskayaw the Reveler
  1869 | D:3      | Noticed an ogre
  1876 | D:3      | Killed an ogre
  1876 | D:3      | Reached skill level 8 in Stealth
  1876 | D:3      | Reached XP level 5. HP: 26/26 MP: 6/6
  1876 | D:3      | Reached * piety under Uskayaw
  2193 | D:3      | Found a basalt altar of Yredelemnul.
  2408 | D:3      | Found a radiant altar of Vehumet.
  2473 | D:3      | Reached skill level 9 in Stealth
  2473 | D:3      | Reached XP level 6. HP: 26/30 MP: 7/7
  2473 | D:3      | Reached ** piety under Uskayaw
  2768 | D:4      | Noticed KristoblXynda's ghost (novice NaTm)
  2832 | D:4      | Reached *** piety under Uskayaw
  2833 | D:4      | Killed KristoblXynda's ghost
  2833 | D:4      | Reached skill level 5 in Short Blades
  2833 | D:4      | Reached skill level 10 in Stealth
  2833 | D:4      | Reached XP level 7. HP: 24/35 MP: 8/8
  3074 | D:4      | Found a snail-covered altar of Cheibriados.
  3474 | D:5      | Entered Level 5 of the Dungeon
  3501 | D:5      | Reached skill level 11 in Stealth
  3649 | D:5      | Reached XP level 8. HP: 32/39 MP: 9/9
  3773 | D:5      | Found a glowing silver altar of Zin.
  3909 | D:6      | Reached skill level 12 in Stealth
  3998 | D:6      | Found a runed door.
  4093 | D:6      | Found a staircase to the Ecumenical Temple.
  4093 | D:6      | Noticed Blork the orc
  4094 | D:6      | Killed Blork the orc
  4317 | D:6      | Noticed Crazy Yiuf
  4320 | D:6      | Killed Crazy Yiuf
  4382 | D:7      | Reached skill level 13 in Stealth
  4710 | D:7      | Noticed a hippogriff
  4758 | D:7      | Killed a hippogriff
  4945 | D:7      | Noticed Menkaure
  5112 | D:7      | Reached XP level 9. HP: 44/44 MP: 10/10
  5133 | D:7      | Killed Menkaure
  5714 | D:7      | Reached skill level 1 in Invocations
  5837 | D:8      | Reached skill level 14 in Stealth
  5926 | D:8      | Found a shimmering altar of Xom.
  5941 | D:8      | Reached skill level 5 in Dodging
  6103 | D:8      | Reached **** piety under Uskayaw
  6345 | D:8      | Found a shadowy altar of Dithmenos.
  6490 | D:8      | Reached XP level 10. HP: 39/50 MP: 13/13
  6714 | D:9      | Reached skill level 15 in Stealth
  6993 | D:9      | Found a staircase to the Lair.
  7295 | D:9      | Found a hazy altar of Hepliaklqana.
  7296 | D:9      | Noticed a gargoyle
  7338 | D:9      | Slain by a gargoyle

Vault maps used:
D:1:      dpeg_arrival_signposts
D:2:      marbit_many_paths, nicolae_ru_great_annihilating_truth,
          overflow_temple_1_default, first_bread
D:3:      yredelemnul_altar_generic, nicolae_overflow_hidden_temple
D:4:      kennysheep_big_flooded_room, kennysheep_mini
D:5:      lemuel_round_altar
D:6:      uniq_blork_the_orc, uniq_crazy_yiuf_cottage
D:7:      grunt_ogre_cave, uniq_menkaure
D:8:      grunt_dithmenos_smoke, basic_altar
D:9:      grunt_temple_overflow_open, erik_lair_island

Skill      XL: |  1  2  3  4  5  6  7  8  9 10 |
---------------+-------------------------------+-----
Stealth        | 6 7 8 9 10 11 13 14 15 | 15.0
Short Blades   | 3 4 5 6 7 8 |  8.7
Fighting       | 2 3 4 |  4.4
Dodging        | 2 3 5 |  5.1
Throwing       | 3 |  3.7
Invocations    | 3 |  3.8

Action                   |  1- 3 |  4- 6 |  7- 9 | 10-12 || total
-------------------------+-------+-------+-------+-------++-------
Melee: Dagger            |    25 |       |       |       ||    25
       Short sword       |    33 |    73 |   220 |   100 ||   426
 Fire: Blowgun           |       |     3 |    33 |     3 ||    39
Invok: Line Pass         |       |       |     3 |     1 ||     4
  Use: Scroll            |     1 |       |     6 |       ||     7
       Potion            |       |       |     1 |     1 ||     2
 Stab: Sleeping          |    11 |    13 |    30 |     2 ||    56
       Paralysed         |     1 |     1 |     3 |     1 ||     6
       Distracted        |       |       |     1 |       ||     1
  Eat: Bread ration      |       |       |     1 |       ||     1
Armor: Robe              |     3 |     6 |     6 |     7 ||    22
Dodge: Dodged            |    29 |    34 |   123 |    83 ||   269
